 Dungeon Crawl Stone Soup version 0.29-a0-356-g7bc237e783 (webtiles) character file.

Game seed: 1755692879066032310

0 spaghetti the Sneak (level 1, 0/11 HPs)
             Began as a Vine Stalker Delver on Apr 26, 2022.
             Slain by a centaur (1 damage)
             ... on level 5 of the Dungeon.
             The game lasted 00:00:12 (19 turns).

spaghetti the Sneak (Vine Stalker Delver)             Turns: 19, Time: 00:00:12

Health: 0/11       AC:  3    Str: 14    XL:     1   Next: 0%
Magic:  0/2        EV: 11    Int: 10    God:
Gold:   0          SH:  0    Dex: 15    Spells: 0/0 levels left

rFire   . . .      SeeInvis .   a - +0 short sword {short}
rCold   . . .      Faith    .   (no shield)
rNeg    . . .      Spirit   +   b - +0 leather armour
rPois   .          Reflect  .   (no helmet)
rElec   .          Harm     .   (no cloak)
rCorr   .          Rampage  .   (no gloves)
Will    .....                   (no boots)
Stlth   +++.......              (no amulet)
HPRegen 0.03/turn               (no ring)
MPRegen 0.08/turn               (no ring)

@: hasted, very quick
A: fangs 2, magic shield, antimagic bite, no potion heal 2
a: no special abilities


You were on level 5 of the Dungeon.
You visited 1 branch of the dungeon, and saw 1 of its levels.


Innate Abilities, Weirdness & Mutations

You have extremely sharp teeth.
When hurt, damage is shared between your health and your magic reserves.
Your bite disrupts and absorbs the magic of your enemies.
Potions cannot restore your health.


   Skills:
 - Level 2.6 Fighting
 - Level 1.7 Short Blades
 - Level 1.5 Dodging
 + Level 6.0 Stealth


You couldn't memorise any spells.
You didn't know any spells.
Your spell library was empty.

Inventory:

Hand Weapons
 a - a +0 short sword (weapon) {short}
Armour
 b - a +0 leather armour (worn)
Wands
 g - a wand of digging (3)
Scrolls
 c - a scroll of fog
 d - a scroll of magic mapping {!r}
 e - a scroll of fear

Dungeon Overview and Level Annotations

Branches:
Dungeon (5/15)
 Temple: D:4-7

Altars:

.............# .
............# .# .
#.........### #.#..
#.........#.##..... .
#..............# ..
##...######..#####. ...
###.....###........
#...##.##.....##.....#..
#...............@###.#
######.###......c.......
...##...................
#...>.....^..##........
#.............#........
#.............#........
....##.....##..#.#......
...# ..........<.#......
... .........


You could see a centaur.


Message History

🤖 Initializing magus.rc ...
Options error: Delay interrupt name "hungry" not recognised. (~/.crawlrc:4761) Options error: Bad monster_list_colour key: strict_neutral (~/.crawlrc:4776) ✅ Successfully initialized magus.rc [v1.9.6] Welcome, spaghetti the Vine Stalker Delver.
The heart of this dungeon contains the splendid artefact, the Orb of Zot.
Press ? for a list of commands and other information.
Found a stone staircase leading down.
A centaur comes into view.
Found an escape hatch in the floor.
Found a stone staircase leading up.
A centaur is nearby!
A centaur is nearby!
The centaur shouts!
The centaur wields a +0 shortbow.
The centaur shoots an arrow.
The arrow closely misses you.
The centaur shoots an arrow.
The arrow hits you. 😕 HP[-2]
You take 2 damage, and now have 9/11 hp.
The centaur shoots an arrow.
The arrow hits you!
Ouch! That really hurt!
* * * LOW HITPOINT WARNING * * *
The centaur shoots an arrow.
The arrow misses you. 😱 HP[-8] MP[-2]
You take 8 damage, and now have 1/11 hp.
MASSIVE DAMAGE!! (PAUSE)
You lost 2 mp, and now have 0/2 mp.
The centaur unwields a +0 shortbow.
The centaur misses you.
The centaur kicks you but does no damage.
There is an escape hatch in the floor here.
You feel yourself speed up. The centaur misses you. The centaur kicks you.
You die...

Action                   || total
-------------------------++-------
  Use: Potion            ||     1
Armor: Leather armour    ||     1
Dodge: Dodged            ||     4

Levels and vault maps discovered:
D:5:      layout_cave_pools, mainiacjoe_overflow_tiny_flanked, serial_shops,
          shop, lemuel_flamethrower_2, uniq_prince_ribbit1, uniq_menkaure

Notes
Turn   | Place    | Note
-------+----------+-------------------------------------------
     0 | D:5      | spaghetti the Vine Stalker Delver began the quest for the
                  | Orb.
     0 | D:5      | Reached XP level 1. HP: 11/11 MP: 2/2
     0 | D:5      | magus.rc [v1.9.6]
     4 | D:5      | Noticed a centaur
    17 | D:5      | HP: 1/11 [centaur/arrow (8)]
    19 | D:5      | Slain by a centaur

Vanquished Creatures (others)
  An adder (D:5)
1 creature vanquished.

Table legend:
 A = Non-vault XP
 B = Vault XP
 C = Vault XP percentage of total XP
 D = Non-vault monster count
 E = Vault monster count
 F = Vault count percentage of total count
                 A         B        C        D         E       F
            +---------+---------+-------+---------+---------+-------
      Total |       0 |       0 |   N/A |       0 |       0 |  -nan
            +---------+---------+-------+---------+---------+-------
            +---------+---------+-------+---------+---------+-------

Illustrated notes

Table legend: (Time is in decaauts)
 A = Elapsed time spent in this place.
 B = Non-inter-level travel time spent in this place.
 C = Inter-level travel time spent in this place.
 D = Time resting spent in this place.
 E = Time spent auto-exploring this place.
 F = Levels seen in this place.
 G = Mean time per level.
                   A        B        C        D        E       F      G
               +--------+--------+--------+--------+--------+-----+--------+
         Total |     19 |     19 |      0 |      0 |      4 |   1 |   19.0 |
       Dungeon |     19 |     19 |      0 |      0 |      4 |   1 |   19.0 |
               +--------+--------+--------+--------+--------+-----+--------+

Top non-repeatable levels by time:
     D:5: 19 daAuts
